 Dungeon Crawl Stone Soup version 0.29.1 (webtiles) character file.

Game seed: 7054659630057174737

471 mtoz the Shield-Bearer (level 7, 0/44 HPs)
             Began as a Gargoyle Fighter on Sept 13, 2022.
             Slain by an ice beast (7 damage)
             ... on level 6 of the Dungeon.
             The game lasted 00:05:51 (2882 turns).

mtoz the Shield-Bearer (Gargoyle Fighter)           Turns: 2882, Time: 00:05:51

Health: 0/44       AC: 19    Str: 22    XL:     7   Next: 9%
Magic:  7/7        EV: 10    Int:  8    God:
Gold:   170        SH:  4    Dex:  9    Spells: 6/6 levels left

rFire   . . .      SeeInvis .   a - +0 war axe
rCold   . . .      Faith    .   c - +0 buckler
rNeg    + . .      Spirit   .   v - +4 ring mail
rPois   ∞          Reflect  .   g - +0 helmet
rElec   +          Harm     .   (no cloak)
rCorr   .          Rampage  .   s - +0 pair of gloves
Will    .....                   f - +1 pair of boots
Stlth   ..........              (no amulet)
HPRegen 0.14/turn               (no ring)
MPRegen 0.10/turn               (no ring)

@: no status effects
A: sickness immunity, AC +4, negative energy resistance 1, electricity
resistance, torment resistance 1, petrification resistance
a: no special abilities


You were on level 6 of the Dungeon.
You visited 1 branch of the dungeon, and saw 5 of its levels.

You collected 170 gold pieces.

Inventory:

Hand Weapons
 a - a +0 war axe (weapon)
 l - a +0 glaive
Armour
 b - a +0 scale mail
 c - a +0 buckler (worn)
 f - a +1 pair of boots (worn)
 g - a +0 helmet (worn)
 s - a +0 pair of gloves (worn)
 v - a +4 ring mail (worn)
Jewellery
 o - a +6 ring of intelligence
 q - a ring of positive energy
Scrolls
 h - a scroll of enchant armour {unknown}
 i - a scroll of noise {unknown}
 j - a scroll of identify {unknown}
 k - a scroll of amnesia {unknown}
 m - a scroll of magic mapping {unknown}
 p - a scroll of immolation {unknown}
 r - a scroll of butterflies {unknown}
 u - a scroll of blinking {unknown}
Potions
 d - a potion of might
 e - a potion of lignification {unknown}
 n - a potion of flight {unknown}
 t - a potion of berserk rage {unknown}


   Skills:
 * Level 4.9 Fighting
 * Level 3.4 Axes
 * Level 4.9 Armour
 + Level 1.5 Dodging
 * Level 5.0 Shields


You had 6 spell levels left.
You didn't know any spells.
Your spell library contained the following spells:

 Spells                   Type           Power      Damage    Failure   Level
 Necrotise                Necr           0%         1d4       65%         1
 Vampiric Draining        Necr           0%         2d6       95%         3
 Agony                    Necr           0%         N/A       100%        5


Dungeon Overview and Level Annotations

Branches:
Dungeon (6/15)
 Temple: D:4-7

Altars:
Ashenzari

Annotations:
D:5 Edmund


Innate Abilities, Weirdness & Mutations

You are immune to sickness and miasma.
Your stone body is resilient. (AC +4)
You are immune to poison.
You resist negative energy. (rN+)
You are resistant to electric shocks. (rElec)
You are resistant to unholy torment.
You are immune to petrification.


Message History

You barely miss the phantom.
The phantom is moderately damaged.
The phantom hits you but does no damage.
You closely miss the phantom.
The phantom is moderately damaged.
The phantom hits you.
* * * LOW HITPOINT WARNING * * *
The phantom hits you but does no damage.
You hit the phantom but do no damage.
The phantom is moderately damaged.
The phantom hits you but does no damage.
You hit the phantom but do no damage.
The phantom is moderately damaged.
The phantom closely misses you.
You closely miss the phantom.
The phantom is moderately damaged.
The phantom hits you but does no damage.
The phantom hits you.
* * * LOW HITPOINT WARNING * * *
The phantom blinks!
You blink.
An ice beast comes into view.
Found 7 gold pieces.
You slash the phantom!
The phantom is heavily damaged.
The phantom hits you but does no damage.
You closely miss the phantom.
The phantom is heavily damaged.
You block the phantom's attack.
You closely miss the phantom.
The phantom is heavily damaged.
The phantom barely misses you.
The phantom hits you but does no damage.
You hit the phantom.
The phantom is severely damaged.
You hit the ice beast but do no damage.
The phantom hits you but does no damage.
The ice beast hits you.
* * * LOW HITPOINT WARNING * * *
The ice beast freezes you!
You die...

#....<#
#.....#
##...##
##.## #.#
#.#
#######.#
.......W#
#.@# #Y.#
....#
......#
......$..
........#
#.....###
##...#


You could see an ice beast and a phantom.

Vanquished Creatures
  Sigmund (D:3)
  A kobold brigand (D:6)
  A bullfrog (D:6)
  A scorpion (D:5)
  A howler monkey (D:6)
  An orc wizard (D:5)
  2 adders (D:2)
  2 worms
  A dart slug (D:1)
  3 orcs
  5 ball pythons
  A bat (D:1)
  3 endoplasms
  3 goblins
  3 hobgoblins
  4 jackals (D:1)
  A quokka (D:2)
  2 frilled lizards (D:2)
  6 kobolds
  2 rats
44 creatures vanquished.

Vanquished Creatures (others)
  5 fungi
  4 plants (D:3)
9 creatures vanquished.

Grand Total: 53 creatures vanquished

Notes
Turn   | Place    | Note
-------+----------+-------------------------------------------
     0 | D:1      | mtoz the Gargoyle Fighter began the quest for the Orb.
     0 | D:1      | Reached XP level 1. HP: 14/14 MP: 1/1
   633 | D:1      | Reached XP level 2. HP: 19/19 MP: 2/2
  1226 | D:2      | Reached XP level 3. HP: 17/23 MP: 3/3
  2277 | D:3      | Found a broken altar of Ashenzari.
  2339 | D:3      | Reached XP level 4. HP: 29/29 MP: 4/4
  2383 | D:3      | Noticed Sigmund
  2417 | D:3      | Killed Sigmund
  2418 | D:3      | Reached skill level 1 in Dodging
  2418 | D:3      | Reached skill level 4 in Shields
  2418 | D:3      | Reached XP level 5. HP: 14/34 MP: 5/5
  2595 | D:3      | You fall into a shaft and drop 2 floors!
  2595 | D:5      | Entered Level 5 of the Dungeon
  2629 | D:5      | Reached XP level 6. HP: 35/39 MP: 6/6
  2680 | D:5      | Noticed Edmund
  2830 | D:6      | Reached XP level 7. HP: 18/44 MP: 7/7
  2836 | D:6      | Reached skill level 5 in Shields
  2882 | D:6      | Slain by an ice beast

Illustrated notes

Levels and vault maps discovered:
D:1:      spicycebolla_arrival_transporter_tutorial, layout_basic,
          chequers_serial_rivers_micro_d
D:2:      layout_loops_ring
D:3:      layout_basic, lemuel_doored_altar, mainiacjoe_overflow_alcove_4,
          shapermc_ecumenical_altar_rom_forum, uniq_sigmund,
          uniq_crazy_yiuf_cottage, uniq_jessica
D:5:      layout_rooms, uniq_grinder, uniq_edmund
D:6:      layout_loops_ring, mainiacjoe_overflow_boulevard, serial_shops,
          kennysheep_mini

Skill      XL: |  1  2  3  4  5  6  7 |
---------------+----------------------+-----
Axes           | 2 3 |  3.4
Fighting       | 4 |  4.9
Armour         | 4 |  4.9
Dodging        | 1 |  1.5
Shields        | 4 5 |  5.0

Action                   |  1- 3 |  4- 6 |  7- 9 || total
-------------------------+-------+-------+-------++-------
Melee: War axe           |   100 |    58 |    23 ||   181
Armor: Scale mail        |    68 |     7 |       ||    75
       Ring mail         |       |    28 |    15 ||    43
Dodge: Dodged            |    50 |    32 |    11 ||    93
Block: Buckler           |    23 |    13 |     6 ||    42
